 Dungeon Crawl Stone Soup version 0.29.0-13-gc9e81de378 (webtiles) character file.

Game seed: 14992657746953517095

11 masschaos23 the Trooper (level 2, -1/21 HPs)
             Began as an Octopode Chaos Knight on Sept 7, 2022.
             Was a Plaything of Xom.
             Slain by a hobgoblin (2 damage)
             ... on level 2 of the Dungeon.
             The game lasted 00:03:56 (288 turns).

masschaos23 the Trooper (Octopode Chaos Knight)      Turns: 288, Time: 00:03:56

Health: -1/21      AC:  1    Str: 11    XL:     2   Next: 29%
Magic:  2/2        EV: 10    Int: 14    God:    Xom [....*.]
Gold:   14         SH:  0    Dex: 11    Spells: 1/1 levels left

rFire   . . .      SeeInvis .   a - +0 short sword (chaos)
rCold   . . .      Faith    .   (no shield)
rNeg    . . .      Spirit   .   (helmet restricted)
rPois   .          Reflect  .   (no amulet)
rElec   .          Harm     .   (no ring)
rCorr   .          Rampage  .   (no ring)
Will    .....                   (no ring)
Stlth   ++........              (no ring)
HPRegen 0.07/turn               (no ring)
MPRegen 0.08/turn               (no ring)
                                (no ring)
                                (no ring)

@: lethally poisoned (-1 -> -5), constricted
A: almost no armour, amphibious, 8 rings, camouflage 1, gelatinous body 1,
(nimble swimmer 1), tentacles
a: Renounce Religion


You were on level 2 of the Dungeon.
You worshipped Xom.
You were a beloved toy of Xom.
You visited 1 branch of the dungeon, and saw 2 of its levels.

You collected 14 gold pieces.

Inventory:

Hand Weapons
 a - a +0 short sword of chaos (weapon)
 c - a +2 antimagic dagger
Missiles
 d - 8 stones
Scrolls
 e - a scroll of fog {unknown}
Miscellaneous
 b - a piece from Xom's chessboard (14/15) (quivered)


   Skills:
 + Level 3.4 Fighting
 + Level 3.2 Short Blades
 + Level 2.3 Dodging


You had one spell level left.
You didn't know any spells.
Your spell library contained the following spells:

 Spells                   Type           Power      Damage    Failure   Level
 Sandblast                Erth           0%         2d4       28%         1
 Passwall                 Tmut/Erth      0%         N/A       41%         2
 Stone Arrow              Conj/Erth      0%         3d7       65%         3


Dungeon Overview and Level Annotations

Branches:
Dungeon (2/15)

Altars:

Annotations:
D:1 1 runed translucent door


Innate Abilities, Weirdness & Mutations

You cannot wear most types of armour.
You are amphibious.
You can wear up to eight rings at the same time.
Your skin changes colour to match your surroundings (Stealth+).
Your rubbery body absorbs attacks. (AC +1, EV +1)
((You are camouflaged when in or above water. (Stealth+)))
You have tentacles for arms and can constrict up to eight enemies at once.


Message History

You are constricted.
You escape the ball python's grasp.
Something bites you. Something grabs you.
You are constricted.
You escape the ball python's grasp.
There is a stone staircase leading down here.
Something bites you but does no damage. Something grabs you.
You stop descending the stairs.
You are constricted.
You escape the ball python's grasp.
You climb downwards.
Reactivating autopickup.
The adder hisses angrily.
Found a dark potion.
Found a stone staircase leading down.
There is a stone staircase leading up here.
Something bites you.
Deactivating autopickup; reactivate with Ctrl-A.
Something barely misses you. Something bites you but does no damage.
Something grabs you.
You are constricted.
You escape the ball python's grasp.
The adder barely misses you.
You hit the adder.
You feel better.
Your grab misses the adder.
Your tentacle-slap misses the adder.
The adder is moderately wounded.
The adder closely misses you. The hobgoblin closely misses you.
You hit the adder.
The adder is poisoned.
Your grab misses the adder. Your squeeze misses the adder.
The adder is severely wounded.
The adder bites you.
You are poisoned.
The adder poisons you! Something bites you but does no damage.
Something grabs you.
You are constricted.
* * * LOW HITPOINT WARNING * * *
The adder closely misses you.
You barely miss the adder. Your grab misses the adder.
The adder is severely wounded.
* * * LOW HITPOINT WARNING * * *
You feel sick. Something bites you.
* * * LOW HITPOINT WARNING * * *
You are constricted.
* * * LOW HITPOINT WARNING * * *
The hobgoblin hits you.
You die...

..... #..
...#.###.#
..........
.......#.# .#
.......#.# #..!
.......#.###.....
.............#
......S@.<#
......g##>#
.###.#. #.# # #.
#.# .. ..# .# ...
.. ... .. ....


You could see an adder (very poisoned) and a hobgoblin.

Vanquished Creatures
  A bat (D:1)
  An endoplasm (D:1)
  A giant cockroach (D:1)
  A goblin (D:1)
  4 quokkas (D:1)
  A rat (D:1)
9 creatures vanquished.

Notes
Turn   | Place    | Note
-------+----------+-------------------------------------------
     0 | D:1      | masschaos23 the Octopode Chaos Knight began the quest for
                  | the Orb.
     0 | D:1      | Reached XP level 1. HP: 16/16 MP: 1/1
     1 | D:1      | Found a runed translucent door.
    17 | D:1      | XOM: silly message
    68 | D:1      | Reached XP level 2. HP: 5/21 MP: 2/2
   194 | D:1      | XOM: silly message
   270 | D:1      | XOM: 1-stop teleportation journey
   288 | D:2      | HP: 1/21 [something (1)]
   288 | D:2      | Slain by a hobgoblin

Illustrated notes

Levels and vault maps discovered:
D:1:      dpeg_arrival_caged_fury, layout_loops_cross,
          hellmonk_ecumenical_altar_heavens_door, hangedman_decor_push,
          minmay_pentomino_t4
D:2:      layout_rooms, minmay_misc_feat_rugged

Action                   || total
-------------------------++-------
Melee: Short sword       ||    23
       Constrict         ||     5
       Tentacles         ||     5
Evoke: Piece from Xom's  ||     1
Armor: Skin              ||     7
Dodge: Dodged            ||    16
